woodfighter, chaotic female orcish Cavewoman -------- .......| ---.---.--- |...|.....| |.|.---.-.| ..|...|...| -----------.---.|-- |.........|...|.|.| |.....*...|.|.|.|.--- |.| |....<.%..-.|.|.....| -----.| |.*...*...|.|.|----.| |.....| |.........|.|.| |...| |.---.--- -------------.| |.%%| |.V.....|.. ..|.....|.|...|.| ---@---.|.-------.---.---.|*%[|.| |...|.%.|...........|...|.....| |...|.---.---.-----...{%|.---.| |...|.....| |... .............| --- ------- ---- ------------- woodfighter the Young Cave Woman Experience level: 7 Strength: 18/05 Dexterity: 14 Constitution: 16 Intelligence: 7 Wisdom: 10 Charisma: 8 Health: 0(60) Energy: 17(17) Def: 13 Gold: 0 Moves: 4973 Dungeon seed: MKsShuQgUBHSLGYs Game ID: woodfighter_1477144636 Your Inventory: Weapons a - a +2 dwarvish spear (weapon in hand) b - 4 +0 dwarvish spears (in quiver) f - a cursed +0 dwarvish spear Armor e - an uncursed +0 dwarvish cloak n - an uncursed +0 dwarvish cloak q - an uncursed +0 dwarvish cloak r - an uncursed +2 pair of iron shoes (being worn) u - an uncursed +0 dwarvish iron helm (being worn) z - an uncursed +0 dwarvish cloak D - an uncursed +0 oilskin cloak (being worn) G - an uncursed +0 mummy wrapping L - an uncursed +1 dwarvish cloak N - an uncursed +0 dwarvish mithril-coat (being worn) Y - an uncursed +0 dwarvish cloak Comestibles c - an uncursed partly eaten food ration d - an uncursed food ration l - an uncursed lizard corpse m - 2 uncursed oranges v - an uncursed tin of jaguar meat T - an uncursed candy bar X - an uncursed tripe ration Z - an uncursed lichen corpse Rings K - an uncursed ring of polymorph control (on left hand) Wands k - a blessed wand of slow monster (0:8) w - a wand of death (0:1) Tools i - 5 uncursed wax candles (0:400) o - a cursed tallow candle (0:200) y - an uncursed skeleton key A - a +0 pick-axe H - an uncursed towel U - an uncursed oil lamp (lit) (0:380) Spells and supernatural/magical abilities: Name Level Category Fail Memory W - pray for help -- divine ? -- Your skills at the end: Miscellaneous Skills bare handed combat [Basic] stealth [Skilled] Weapon Skills scimitar [Basic] club [Basic] spear [Skilled] sling [Basic] Spellcasting Skills Final Attributes: You were piously aligned. You were poison resistant. You were telepathic. You had infravision. You were stealthy. You had polymorph control. You were fast. You are dead. Vanquished creatures: a vampire a giant mummy a quantum mechanic 3 small mimics 2 ettin mummies a dwarf king a human mummy a giant beetle a black light a lizard a vampire bat a forest centaur 3 gnome kings a dwarf mummy a yeti 2 dingos a dwarf lord a blue jelly 2 gnome mummies a rock mole a rock piercer 11 gnome lords a gnomish wizard 2 kobold mummies a gray ooze 2 elf zombies a straw golem 3 floating eyes a kitten 17 dwarves a kobold shaman an iguana 2 centipedes a jitterbug a giant bat an orc zombie a dwarf zombie 9 killer bees a coyote a hobbit an acid blob a gecko a cave spider a green mold 50 gnomes a gnome zombie 7 jackals 3 kobolds 5 newts a goblin 3 grid bugs 5 lichens 2 kobold zombies 167 creatures vanquished. Voluntary challenges: You were not invisible. You did not have reflection. You were not displaced. You used a wielded weapon 269 times, starting on turn 60. You did not apply a unicorn horn. You did not use plumbed fixtures. You did not drink any magical draughts. You were illiterate. You never genocided any monsters. You never polymorphed an object. You never changed form. You used no wishes. You never split a pudding. You never wrote Elbereth's name. You never violated your personal moral code. Dungeon overview: The Dungeons of Doom: levels 1 to 4 Level 1 some fountains a long staircase Level 2 (w) an altar to Anu, a fountain Level 3 a delicatessen, an altar to Anu, a fountain stairs to The Gnomish Mines Level 4 The Gnomish Mines: levels 4 to 11 Level 4 stairs to The Dungeons of Doom Level 5 Level 6 many shops, a temple to Anu, a magic chest, some fountains Level 7 Level 8 Level 9 Level 10 Level 11 <- You were here a fountain History has recorded: On T:1 you entered the Dungeons of Doom to retrieve the Amulet of Yendor! On T:377 you reached level 2 of The Dungeons of Doom. On T:540 you advanced to experience level 2. On T:737 you reached level 3 of The Dungeons of Doom. On T:932 you reached level 4 of The Dungeons of Doom. On T:935 you advanced to experience level 3. On T:1042 you reached level 1 of The Gnomish Mines. On T:1304 you prayed to Anshar. On T:1307 you advanced to experience level 4. On T:1459 you advanced to experience level 5. On T:1508 you reached level 2 of The Gnomish Mines. On T:1886 you advanced to experience level 6. On T:1964 you reached level 3 of The Gnomish Mines. On T:2274 you entered the Minetown temple On T:2330 you opened a magic chest. On T:2818 you reached level 4 of The Gnomish Mines. On T:3010 you advanced to experience level 7. On T:3124 you reached level 5 of The Gnomish Mines. On T:3992 you reached level 6 of The Gnomish Mines. On T:4228 you reached level 7 of The Gnomish Mines. On T:4378 you reached level 8 of The Gnomish Mines. On T:4378 you reached the bottom of the Mines. On T:4489 you advanced to experience level 8. On T:4878 you prayed to Anshar. Score breakdown: Gold: 0 ( 0 points) Experience: 7 levels ( 600 points) Exploration: 11 levels ( 300 points) Discoveries: 20 items ( 1000 points) Variety of kills: 53 monsters ( 2000 points) Major goal: reached Mine's End ( 1000 points) Survival: died (score multiplied by 3) Total score: 14700 Latest messages: You stop exploring. You jab the ettin mummy! The ettin mummy scratches you! The ettin mummy misses. You jab the ettin mummy! The ettin mummy scratches you! (2x) You destroy the ettin mummy! There are a few objects here. The horse kicks! The horse bites! The horse misses. (2x) You drop an uncursed bag called not holding. Your movements are now unencumbered. The horse misses. The horse bites! The vampire lord drinks a puce potion! The vampire lord is suddenly moving faster. You jab the horse! The horse kicks! The horse bites! The horse kicks! The horse misses. You jab the horse! The vampire lord scratches you! The vampire lord bites! You die... Final status: Goodbye woodfighter the Cavewoman, killed by a vampire lord... You died in The Gnomish Mines on dungeon level 11 with 14700 points, and 0 pieces of gold, after 4973 moves. You were level 7 with a maximum of 60 hit points when you died.